 Dungeon Crawl Stone Soup version 0.26-a0-651-gb41185065b (webtiles) character file.

Game seed: 4238557278542820705

9 Irenicus the Digger (level 2, 0/22 HPs)
             Began as a Deep Dwarf Earth Elementalist on Oct 3, 2020.
             Hit by a stone thrown by a hobgoblin (2 damage)
             ... on level 1 of the Dungeon.
             The game lasted 00:01:14 (158 turns).

Irenicus the Digger (Deep Dwarf Earth Elementalist)  Turns: 158, Time: 00:01:15

Health: 0/22       AC:  2    Str: 11    XL:     2   Next: 6%
Magic:  2/4        EV: 12    Int: 15    God:
Gold:   10         SH:  0    Dex: 13    Spells: 3/4 levels left

rFire    . . .     SeeInvis .   f - +0 club (curse)
rCold    . . .     Faith    .   (no shield)
rNeg     . . .     Spirit   .   c - +0 robe
rPois    .         Reflect  .   (no helmet)
rElec    .         Harm     .   (no cloak)
rCorr    .         Rampage  .   (no gloves)
MR       .....                  (no boots)
Stlth    ++........             (no amulet)
HPRegen  0.00/turn              (no ring)
MPRegen  0.09/turn              (no ring)

@: non-regenerating
A: damage resistance, heal wounds, sense surroundings 1, no regeneration
a: Heal Wounds


You were on level 1 of the Dungeon.
You visited 1 branch of the dungeon, and saw 1 of its levels.

You collected 10 gold pieces.

Inventory:

Hand Weapons
 f - a cursed +0 club (weapon)
   (You took it off a hobgoblin on level 1 of the Dungeon)
Missiles
 b - 46 stones (quivered)
Armour
 c - a +0 robe (worn)
Scrolls
 a - a scroll of remove curse {unknown}
 e - a scroll of teleportation {unknown}
Potions
 d - a potion of curing {unknown}


   Skills:
 - Level 2.1 Dodging
 - Level 2.4 Stealth
 - Level 1.7 Spellcasting
   Level 0.8 Transmutations
 + Level 4.8 Earth Magic


You had 3 spell levels left.
You knew the following spells:

 Your Spells              Type           Power        Failure   Level
a - Sandblast             Erth           ###...       3%          1

Your spell library contained the following spells:

 Spells                   Type           Power        Failure   Level
 Passwall                 Tmut/Erth      #.......     11%         2
 Stone Arrow              Conj/Erth      #.....       26%         3
 Petrify                  Tmut/Erth      #.......     56%         4
 Lee's Rapid Deconstruct  Erth           ###.......   65%         5


Dungeon Overview and Level Annotations

Branches:
Dungeon (1/15)

Altars:


Innate Abilities, Weirdness & Mutations

You are resistant to damage.
You can heal yourself by infusing magical energy.
You passively map a small area around you.
You do not regenerate.


Message History

Press: ? - help, Shift-Dir - straight line, f - hobgoblin
Aim: a hobgoblin, wielding a +0 club The blast of sand misses the hobgoblin.
b - 50 stones You now have 2/3 mp.
Casting: Sandblast (safe; 3% risk of failure)
Confirm with . or Enter, or press ? or * to list all spells.
Aiming: Sandblast (safe; 3% risk of failure)
Press: ? - help, Shift-Dir - straight line, f/p - hobgoblin
Aim: a hobgoblin, wielding a +0 club The blast of sand hits the hobgoblin!
You kill the hobgoblin!
b - 49 stones You now have 1/3 mp.
The kobold shouts!
The hobgoblin shouts!
You hear a shout!
A leopard gecko comes into view.
A kobold comes into view.
You see here a cursed +0 club.
f - a cursed +0 club
Okay, then.
Casting: Sandblast (safe; 3% risk of failure)
Confirm with . or Enter, or press ? or * to list all spells.
Aiming: Sandblast (safe; 3% risk of failure)
Press: ? - help, Shift-Dir - straight line, f - hobgoblin
Aim: a hobgoblin The blast of sand hits the hobgoblin but does no damage.
b - 48 stones You now have 0/3 mp.
Casting: Sandblast (safe; 3% risk of failure)
Confirm with . or Enter, or press ? or * to list all spells.
You don't have enough magic to cast that spell.
Unknown command.
Really wield
f - a cursed +0 club?
It sticks to your hand!
f - a cursed +0 club (weapon)
You closely miss the hobgoblin. The hobgoblin misses you.
You closely miss the hobgoblin. The hobgoblin barely misses you.
Casting: Sandblast (safe; 3% risk of failure)
Confirm with . or Enter, or press ? or * to list all spells.
Aiming: Sandblast (safe; 3% risk of failure)
Press: ? - help, Shift-Dir - straight line, f/p - hobgoblin
Aim: a hobgoblin The blast of sand hits the hobgoblin.
The hobgoblin is almost dead.
b - 47 stones The hobgoblin hits you but does no damage.
You now have 0/3 mp.
You barely miss the hobgoblin.
The hobgoblin is almost dead.
The hobgoblin misses you. The hobgoblin closely misses you.
You hit the hobgoblin.
You kill the hobgoblin!
Casting: Sandblast (safe; 3% risk of failure)
Confirm with . or Enter, or press ? or * to list all spells.
Aiming: Sandblast (safe; 3% risk of failure)
Press: ? - help, Shift-Dir - straight line, f - kobold
Aim: a kobold, wielding a +0 short sword The blast of sand hits the kobold.
The kobold is heavily wounded.
b - 46 stones The kobold hits you with a +0 short sword.
You take 3 damage, and have 12/15 hp.
You now have 0/3 mp.
You barely miss the kobold.
The kobold is heavily wounded.
The kobold hits you but does no damage.
The kobold hits you with a +0 short sword.
You take 5 damage, and have 7/15 hp.
MASSIVE DAMAGE!!
You hit the kobold but do no damage.
The kobold is heavily wounded.
The kobold hits you with a +0 short sword.
You take 1 damage, and have 6/15 hp.
You hit the kobold but do no damage.
The kobold is heavily wounded.
The kobold hits you but does no damage.
You hit the kobold.
You kill the kobold!
You have reached level 2!
You regained 2 hp, and now have 8/22 hp.
You closely miss the kobold. The kobold hits you.
You take 1 damage, and have 7/22 hp.
You hit the kobold but do no damage. The kobold misses you.
The kobold hits you.
* * * LOW HITPOINT WARNING * * *
You take 3 damage, and have 4/22 hp.
You hit the kobold.
You kill the kobold!
You see here a +0 short sword.
You see here a hobgoblin corpse.
A hobgoblin comes into view.
The hobgoblin shouts!
The hobgoblin throws a stone.
The stone hits you.
* * * LOW HITPOINT WARNING * * *
You see here a stone.
You take 2 damage, and have 2/22 hp.
The hobgoblin throws a stone.
The stone hits you but does no damage.
A rat comes into view.
You see here a stone.
The hobgoblin throws a stone.
The stone closely misses you.
The ooze quivers.
The hobgoblin throws a stone.
The stone hits you.
You die...

, , , #.# #.# * , *,, #.# ,
*,* , ,, #.# * ### # #.# #
###P##### , #
#.##.######.###.....##. ,
#..##.#.......g.##..P.#.###
...r....(.@...######...###
.......(.........##.#....#
########.####.######P..###
#.# * .J , ##.P#### #.#
#########...††. #.#
#..).......#### #†#
##.########## #.###...#
#.......#


You could see an ooze, a hobgoblin and a rat (wandering).

Vanquished Creatures
  3 ball pythons (D:1)
  A bat (D:1)
  2 hobgoblins (D:1)
  2 kobolds (D:1)
8 creatures vanquished.

Notes
Turn   | Place    | Note
-------+----------+-------------------------------------------
     0 | D:1      | Irenicus the Deep Dwarf Earth Elementalist began the quest
                  | for the Orb.
     0 | D:1      | Reached XP level 1. HP: 15/15 MP: 3/3
   138 | D:1      | Reached XP level 2. HP: 8/22 MP: 0/4
   140 | D:1      | HP: 4/22 [kobold (3)]
   155 | D:1      | HP: 2/22 [hobgoblin/stone (2)]
   158 | D:1      | Hit by a stone thrown by a hobgoblin

Illustrated notes

Levels and vault maps discovered:
D:1:      dpeg_arrival_tiny_d, layout_loops_ring, minmay_shallow_snake_nest

Action                   || total
-------------------------++-------
Melee: Club              ||    11
       Unarmed           ||     1
 Cast: Sandblast         ||     9
Armor: Robe              ||     3
Dodge: Dodged            ||     8

Table legend: (Time is in decaauts)
 A = Elapsed time spent in this place.
 B = Non-inter-level travel time spent in this place.
 C = Inter-level travel time spent in this place.
 D = Time resting spent in this place.
 E = Time spent auto-exploring this place.
 F = Levels seen in this place.
 G = Mean time per level.
                   A        B        C        D        E       F      G
               +--------+--------+--------+--------+--------+-----+--------+
         Total |    160 |    160 |      0 |      0 |      0 |   1 |  160.0 |
       Dungeon |    160 |    160 |      0 |      0 |      0 |   1 |  160.0 |
               +--------+--------+--------+--------+--------+-----+--------+

Top non-repeatable levels by time:
     D:1: 160 daAuts

Table legend:
 A = Kills in this place as a percentage of kills in entire the game.
 B = Kills by you in this place as a percentage of kills by you in the entire game.
 C = Kills by friends in this place as a percentage of kills by friends in the entire game.
 D = Other kills in this place as a percentage of other kills in the entire game.
 E = Experience gained in this place as a percentage of experience gained in the entire game.
 F = Experience gained in this place divided by the number of levels of this place that you have seen.
                   A       B       C       D       E      F
               +-------+-------+-------+-------+-------+----------------------
         Total | 100.0 | 100.0 |   N/A |   N/A | 100.0 |  14.0
       Dungeon | 100.0 | 100.0 |   N/A |   N/A | 100.0 |  14.0
               +-------+-------+-------+-------+-------+----------------------
